 Dungeon Crawl Stone Soup version 0.18.1-48-g4cf74bf (webtiles) character file.

59 torvon the Digger (level 4, -8/24 HPs)
             Began as a Gargoyle Earth Elementalist on Aug 6, 2016.
             Mangled by a gnoll
             ... wielding a +0 halberd
              (14 damage)
             ... on level 3 of the Dungeon.
             The game lasted 00:10:20 (1646 turns).

torvon the Digger (Gargoyle Earth Elementalist)     Turns: 1646, Time: 00:10:21

Health: -8/24      AC:  9    Str: 11    XL:     4   Next: 3%
Magic:  0/7        EV: 12    Int: 17    God:
Gold:   15         SH:  0    Dex: 10    Spells: 3 memorised, 1 level left

rFire  . . .     SeeInvis .     e - +0 club
rCold  . . .     Gourm    .     a - +0 robe
rNeg   + . .     Faith    .     (no shield)
rPois  ∞         Spirit   .     n - +2 hat
rElec  +         Dismiss  .     j - +1 cloak
rCorr  +         Reflect  .     (no gloves)
SustAt .         Harm     .     (no boots)
MR     .....                    (no amulet)
Stlth  ++........               (no ring)
                                f - ring of resist corrosion

@: not resistant to hostile enchantments, unstealthy
A: negative energy resistance 1, electricity resistance, unbreathing,
petrification resistance, rot immunity, AC +3
a: no special abilities


You were on level 3 of the Dungeon.
You were not hungry.

You visited 1 branch of the dungeon, and saw 3 of its levels.

You collected 15 gold pieces.

Inventory:

Hand Weapons
 e - a +0 club (weapon)
 g - a +0 club
 k - a +0 club
 r - a +0 club
 v - a +0 dagger
 w - a +0 club
 x - a +0 short sword
 y - a +0 club
 z - a +0 dagger
 C - a +0 club
Missiles
 b - 60 stones (quivered)
Armour
 a - a +0 robe (worn)
 i - a +0 robe
 j - a +1 cloak (worn)
 n - a +2 hat (worn)
 B - a +0 leather armour
Jewellery
 f - a ring of resist corrosion (left hand)
Scrolls
 h - 2 scrolls of recharging {unknown}
 l - a scroll of enchant weapon {unknown}
 o - a scroll of identify {unknown}
 s - a scroll of blinking {unknown}
 t - a scroll of remove curse {unknown}
 u - a scroll of immolation {unknown}
Potions
 m - 2 potions of curing {unknown}
 q - a potion of cure mutation {unknown}
 A - a potion of heal wounds {unknown}
Books
 c - a book of Geomancy

   Spells                             Type                      Level
   a - Sandblast                      Earth                        1
   b - Passwall                       Transmutation/Earth          2
   c - Stone Arrow                    Conjuration/Earth            3
   d - Petrify                        Transmutation/Earth          4
   e - Lee's Rapid Deconstruction     Earth                        5
Comestibles
 d - 2 bread rations
 p - a meat ration


   Skills:
 + Level 0.7 Fighting
 + Level 0.4 Maces & Flails
 + Level 0.8 Throwing
 + Level 2.5 Dodging
 + Level 2.3 Stealth
 + Level 2.1 Spellcasting
 + Level 0.7 Transmutations
 + Level 4.1 Earth Magic


You had one spell level left.
You knew the following spells:

 Your Spells              Type           Power        Failure   Level  Hunger
a - Sandblast             Erth           ###...       3%          1    #......
b - Passwall              Trmt/Erth      ##........   14%         2    ###....
c - Stone Arrow           Conj/Erth      #.....       24%         3    ###....


Dungeon Overview and Level Annotations

Branches:
Dungeon (3/15)

Altars:


Innate Abilities, Weirdness & Mutations

You are resistant to torment.
Your stone body is resilient (AC +3).
You are immune to poison.
You resist negative energy.
You are resistant to electric shocks.
You can survive without breathing.
You are immune to petrification.
You are immune to rotting.


Message History

The gnoll hits you from afar with a halberd!
Ouch! That really hurt!
The gnoll closely misses you.
Throwing (i - inventory):
b - 61 stones (quivered)
Press: ? - help, Shift-Dir - straight line, f/p - gnoll
Aim: a gnoll, wielding a halberd (lightly wounded)
You throw a stone. The stone barely misses the gnoll.
The gnoll completely misses you. The gnoll closely misses you.
The orc shouts!
The gnoll hits you but does no damage. The gnoll misses you.
You see here a halberd.
You closely miss the gnoll.
The gnoll is lightly wounded.
The gnoll hits you with a whip. The gnoll barely misses you.
The gnoll closely misses you. x2
You barely miss the gnoll. The gnoll hits you with a whip.
* * * LOW HITPOINT WARNING * * *
The gnoll hits you from afar with a halberd!
Ouch! That really hurt!
You die...

.# ... ..
....... .##
##....... ..
#.$.....( #.##
#.#...... #..#
##.#......
#>###....(...#
#@gg.....(#
#.......###
###o.....#
#......<.#
#o#....#..#
#.#....##..# .
#....# #... #.
#....# ##...
###### ..?


You could see 2 gnolls and an orc.

Vanquished Creatures
  A gnoll (D:3)
  An adder (D:2)
  An ooze (D:1)
  A worm (D:2)
  A dart slug (D:1)
  5 bats
  A giant cockroach (D:1)
  3 goblins
  5 hobgoblins
  A kobold (D:2)
  2 quokkas (D:2)
  A ball python (D:1)
  2 giant newts
  7 rats
32 creatures vanquished.

Notes
Turn   | Place    | Note
--------------------------------------------------------------
     0 | D:1      | torvon the Gargoyle Earth Elementalist began the quest for the Orb.
     0 | D:1      | Reached XP level 1. HP: 10/10 MP: 3/3
   437 | D:1      | Reached XP level 2. HP: 15/15 MP: 1/5
   518 | D:1      | Learned a level 2 spell: Passwall
   934 | D:2      | Reached XP level 3. HP: 20/20 MP: 6/6
  1425 | D:2      | Learned a level 3 spell: Stone Arrow
  1482 | D:2      | Reached skill level 4 in Earth Magic
  1640 | D:3      | Reached XP level 4. HP: 22/24 MP: 0/7
  1646 | D:3      | Mangled by a gnoll

Skill      XL: |  1  2  3 |
---------------+----------+-----
Dodging        | 2 |  2.5
Earth Magic    | 4 |  4.1
Fighting       | |  0.7
Maces & Flails | |  0.4
Throwing       | |  0.8
Stealth        | |  2.3
Spellcasting   | |  2.1
Transmutations | |  0.7

Action                   |  1- 3 |  4- 6 || total
-------------------------+-------+-------++-------
Melee: Club              |   113 |     2 ||   115
Throw: Stone             |    34 |     1 ||    35
 Cast: Sandblast         |    25 |       ||    25
       Stone Arrow       |     2 |     1 ||     3
 Stab: Sleeping          |     2 |       ||     2
  Eat: Bread ration      |     1 |       ||     1
Armor: Robe              |    76 |     1 ||    77
Dodge: Dodged            |   148 |     7 ||   155
